 Dungeon Crawl Stone Soup version 0.23-a0-54-gae6112e (webtiles) character file.

16 galech the Vexing (level 2, -1/20 HPs)
             Began as a Gnoll Wanderer on Aug 8, 2018.
             Slain by a hobgoblin
             ... wielding a +0 club
              (6 damage)
             ... on level 1 of the Dungeon.
             The game lasted 00:01:03 (688 turns).

galech the Vexing (Gnoll Wanderer)                   Turns: 688, Time: 00:01:04

Health: -1/20      AC:  2    Str: 14    XL:     2   Next: 58%
Magic:  4/5        EV: 11    Int: 14    God:
Gold:   42         SH:  0    Dex: 14    Spells: 5/6 levels left

rFire    . . .     SeeInvis .   e - +0 club
rCold    . . .     Gourm    .   (no shield)
rNeg     . . .     Faith    .   d - +0 robe
rPois    .         Spirit   .   (no helmet)
rElec    .         Reflect  .   (no cloak)
rCorr    .         Harm     .   (no gloves)
MR       .....                  (no boots)
Stlth    +.........             (no amulet)
HPRegen  0.06/turn              (no ring)
MPRegen  0.09/turn              (no ring)

@: no status effects
A: distributed training, fangs 1, strong nose
a: no special abilities


You were on level 1 of the Dungeon.
You were not hungry.

You visited 1 branch of the dungeon, and saw 1 of its levels.

You collected 42 gold pieces.

Inventory:

Hand Weapons
 e - a +0 club (weapon)
Armour
 d - a +0 robe (worn)
Scrolls
 a - 2 scrolls of identify {unknown}
 b - a scroll of magic mapping {unknown}
 c - a scroll of teleportation
Potions
 g - a potion of lignification {unknown}
 h - a potion of flight {unknown}
Comestibles
 f - 2 rations


   Skills:
 + Level 0.4 Fighting
 + Level 0.4 Short Blades
 + Level 0.4 Long Blades
 + Level 4.5 Axes
 + Level 0.4 Maces & Flails
 + Level 0.4 Polearms
 + Level 0.4 Staves
 + Level 0.4 Slings
 + Level 0.4 Bows
 + Level 0.4 Crossbows
 + Level 0.4 Throwing
 + Level 2.5 Armour
 + Level 0.4 Dodging
 + Level 0.4 Stealth
 + Level 2.5 Shields
 + Level 0.4 Unarmed Combat
 + Level 2.7 Spellcasting
 + Level 0.2 Conjurations
 + Level 5.3 Hexes
 + Level 0.2 Charms
 + Level 0.2 Summonings
 + Level 0.2 Necromancy
 + Level 2.0 Translocations
 + Level 0.2 Transmutations
 + Level 0.2 Fire Magic
 + Level 0.2 Ice Magic
 + Level 0.2 Air Magic
 + Level 0.2 Earth Magic
 + Level 0.2 Poison Magic
 + Level 0.5 Invocations
 + Level 2.5 Evocations


You had 5 spell levels left.
You knew the following spells:

 Your Spells              Type           Power        Failure   Level  Hunger
a - Shock                 Conj/Air       #...         21%         1    #......

Your spell library contained the following spells:

 Spells                   Type           Power        Failure   Level  Hunger
 Confuse                  Hex            ###.....     8%          3    ###....
 Mephitic Cloud           Conj/Pois/Air  #.......     52%         3    ###....
 Tukima's Dance           Hex            ###.....     8%          3    ###....
 Ensorcelled Hibernation  Hex/Ice        #.....       11%         2    ###....
 Corona                   Hex            ###....      2%          1    #......
 Dazzling Spray           Conj/Hex       #.....       21%         3    ###....


Dungeon Overview and Level Annotations

Branches:
Dungeon (1/15)

Altars:


Innate Abilities, Weirdness & Mutations

Your experience applies equally to all skills.
You have very sharp teeth.
Your uncanny sense of smell can sniff out nearby items.


Message History

Confirm with . or Enter, or press ? or * to list all spells.
Aiming: Shock (safe; 21% risk of failure)
Press: ? - help, Shift-Dir - straight line The zap hits the kobold.
The kobold is moderately wounded.
The zap hits the kobold.
You kill the kobold!
You see here a whip.
You are too injured to fight recklessly!
You are too injured to fight recklessly!
You are too injured to fight recklessly!
You are too injured to fight recklessly!
You hit the hobgoblin.
The hobgoblin is moderately wounded.
The hobgoblin hits you with a club.
* * * LOW HITPOINT WARNING * * *
You barely miss the hobgoblin.
The hobgoblin is moderately wounded.
The hobgoblin hits you with a club.
You die...

.# ###...##....## .#######
###.####...####
.......######...........#
.#####.......###..(.....# .#
#######.........(..#.##
.#####.......###...((.......#
.....#.......# ##..####..#...
.............# #.............
......(......# #@#...##.##...
.............#.g......... ∆##
.............#.≈≈≈≈≈.≈≈≈≈
.............#.≈≈≈≈≈.≈≈≈≈.
......... #.≈≈≈≈≈.≈≈≈≈.
......... #.≈≈≈≈≈.≈≈≈≈.
......... ........≈≈≈≈
.....### #..≈≈≈≈..... ....##


You could see a hobgoblin.

Vanquished Creatures
  2 dart slugs (D:1)
  A ball python (D:1)
  3 giant cockroaches (D:1)
  3 goblins (D:1)
  A frilled lizard (D:1)
  A kobold (D:1)
11 creatures vanquished.

Notes
Turn   | Place    | Note
-------+----------+-------------------------------------------
     0 | D:1      | galech the Gnoll Wanderer began the quest for the Orb.
     0 | D:1      | galech set off with: a scroll of teleportation, a +0 robe, a +0 club, a ration
     0 | D:1      | Reached XP level 1. HP: 13/13 MP: 4/4
     4 | D:1      | Learned a level 1 spell: Shock
   251 | D:1      | Reached XP level 2. HP: 9/19 MP: 5/5
   688 | D:1      | Slain by a hobgoblin

Vault maps used:
D:1:      nzn_arrival_water_spiral, minivault_14, minmay_small_reverse_x

Skill      XL: |  1 |
---------------+----+-----
Translocations | 2 |  2.0
Fighting       | |  0.4
Short Blades   | |  0.4
Long Blades    | |  0.4
Axes           | |  4.5
Maces & Flails | |  0.4
Polearms       | |  0.4
Staves         | |  0.4
Slings         | |  0.4
Bows           | |  0.4
Crossbows      | |  0.4
Throwing       | |  0.4
Armour         | |  2.5
Dodging        | |  0.4
Stealth        | |  0.4
Shields        | |  2.5
Unarmed Combat | |  0.4
Spellcasting   | |  2.7
Conjurations   | |  0.2
Hexes          | |  5.3
Charms         | |  0.2
Summonings     | |  0.2
Necromancy     | |  0.2
Transmutations | |  0.2
Fire Magic     | |  0.2
Ice Magic      | |  0.2
Air Magic      | |  0.2
Earth Magic    | |  0.2
Poison Magic   | |  0.2
Invocations    | |  0.5
Evocations     | |  2.5

Action                   || total
-------------------------++-------
Melee: Club              ||    42
       Bite              ||     4
 Cast: Shock             ||     2
Armor: Robe              ||    11
Dodge: Dodged            ||    31

Table legend:
 A = Spawn XP
 B = Non-spawn XP
 C = Spawn XP percentage of total XP
 D = Spawn monster count
 E = Non-spawn monster count
 F = Spawn count percentage of total count
 G = Total turns spent on level
                    A         B        C        D         E        F      G
               +---------+---------+-------+---------+---------+-------+---------
         Total |       0 |      24 |   0.0 |       0 |      11 |   0.0 |   688
               +---------+---------+-------+---------+---------+-------+---------
           D:1 |       0 |      24 |   0.0 |       0 |      11 |   0.0 |   688
               +---------+---------+-------+---------+---------+-------+---------
